 Dungeon Crawl Stone Soup version 0.29.1-15-g9cfb28693d (webtiles) character file.

Game seed: 2502164980278833250

995 Artool the Trooper (level 7, -2/56 HPs)
             Began as a Demonspawn Fighter on Apr 3, 2023.
             Slain by a two-headed ogre
             ... wielding a +0 giant club
              (22 damage)
             ... on level 5 of the Dungeon.
             The game lasted 00:24:32 (5380 turns).

Artool the Trooper (Demonspawn Fighter)             Turns: 5380, Time: 00:24:33

Health: -2/56      AC:  7    Str: 19    XL:     7   Next: 99%
Magic:  7/7        EV: 14    Int:  9    God:
Gold:   238        SH:  5    Dex: 12    Spells: 6/6 levels left

rFire   . . .      SeeInvis +   m - +2 hand axe (flame)
rCold   . . .      Faith    .   c - +0 buckler
rNeg    . . .      Spirit   .   B - +0 ring mail {Will+}
rPois   .          Reflect  .   v - +0 mask of the Dragon {Will+ Slay+3 SInv}
rElec   .          Harm     .   w - +0 cloak
rCorr   .          Rampage  .   (no gloves)
Will    ++...                   (no boots)
Stlth   +.........              (no amulet)
HPRegen 0.18/turn               u - +4 ring of evasion
MPRegen 0.10/turn               (no ring)

@: slowed, studying Axes, very slow
A: hooves 2, demonic guardian 2
a: no special abilities


You were on level 5 of the Dungeon.
You visited 1 branch of the dungeon, and saw 5 of its levels.

You collected 238 gold pieces.

Inventory:

Hand Weapons
 h - a +0 whip
 m - a +2 hand axe of flaming (weapon)
Missiles
 a - 4 boomerangs (quivered)
 C - 5 poisoned darts
Armour
 b - a +0 scale mail
 c - a +0 buckler (worn)
 k - a +0 tower shield
 v - the +0 mask of the Dragon (worn) {Will+ Slay+3 SInv}
   (You found it on level 3 of the Dungeon)

   Slay:      It affects your accuracy & damage with ranged weapons and melee
   (+3).
   SInv:      It lets you see invisible.
   Will:      It increases your willpower.
 w - a +0 cloak (worn)
 B - a +0 ring mail of willpower (worn)
 D - a +0 plate armour
Jewellery
 u - a +4 ring of evasion (left hand)
Wands
 E - a wand of paralysis (8)
Scrolls
 e - a scroll of noise {unknown}
 f - a scroll of amnesia {unknown}
 l - a scroll of vulnerability {unknown}
 n - 3 scrolls of teleportation {unknown}
 r - a scroll of fog {unknown}
 y - a scroll of identify {unknown}
 F - a scroll of brand weapon {unknown}
Potions
 d - 2 potions of might
 g - 2 potions of invisibility {unknown}
 i - 2 potions of curing {unknown}
 j - a potion of berserk rage {unknown}
 o - a potion of cancellation {unknown}
 p - a potion of lignification {unknown}
 q - a potion of brilliance {unknown}
 s - a potion of haste {unknown}
 t - 2 potions of heal wounds {unknown}
 x - 2 potions of magic {unknown}
 z - a potion of experience {unknown}
 A - 2 potions of flight {unknown}


   Skills:
 + Level 5.4 Fighting
 + Level 4.5 Maces & Flails
 + Level 4.9 Armour
 + Level 4.9 Shields


You had 6 spell levels left.
You didn't know any spells.
Your spell library contained the following spells:

 Spells                   Type           Power      Damage    Failure   Level
 Foxfire                  Conj/Fire      0%         2x1d4     65%         1
 Sublimation of Blood     Necr           0%         N/A       78%         2
 Conjure Flame            Conj/Fire      0%         6-21      95%         3
 Ignite Poison            Fire/Tmut/Pois 0%         N/A       95%         3
 Inner Flame              Hex/Fire       0%         N/A       95%         3
 Flame Wave               Conj/Fire      0%         2d4       100%        4
 Passage of Golubria      Tloc           0%         N/A       100%        4
 Petrify                  Tmut/Erth      0%         N/A       100%        4
 Sticky Flame             Conj/Fire      0%         2d3       100%        4
 Irradiate                Conj/Tmut      0%         3d11      100%        5
 Silence                  Hex/Air        0%         N/A       100%        5
 Lehudib's Crystal Spear  Conj/Erth      0%         10d2      100%        8


Dungeon Overview and Level Annotations

Branches:
Dungeon (5/15)
 Temple: D:4-7

Altars:
Fedhas
Gozag
Kikubaaqudgha
Trog

Shops:
D:5 ?[

Annotations:
D:5 Grinder


Innate Abilities, Weirdness & Mutations

You have hoof-like feet.
A demonic guardian rushes to your aid.


Message History

There is a stone staircase leading up here.
You climb upwards.
There is a stone staircase leading down here.
You start resting.
HP restored.
You climb downwards.
Level annotation: Grinder
There is a stone staircase leading up here.
Found a scroll labelled NIANUF ARUAROP.
F - a scroll labelled NIANUF ARUAROP
Found a stone staircase leading down.
The gargoyle hurls a stone arrow at you.
You block the stone arrow.
Grinder says, "Tell me all your secrets, or I'll kill you."
Grinder gestures at you. You resist with almost no effort.
A scorpion comes into view.
Grinder blinks!
The gargoyle hurls a stone arrow at you.
The stone arrow misses you.
There is a stone staircase leading up here.
You climb upwards.
There is a stone staircase leading down here.
Things that are here:
a +0 robe; a +0 dagger; an orc skeleton
There is a stone staircase leading down, spattered with blood here.
You climb downwards.
Level annotation: Grinder The two-headed ogre shouts in stereo!
The acid dragon roars!
The acid dragon spits acid at you. The splash of acid hits you!!
The two-headed ogre barely misses you. The two-headed ogre closely misses you.
The wraith hits you. The wraith drains your vigour!
You feel yourself slow down.
You hear an angry hiss. x2
There is a stone staircase leading up here.
The acid dragon bites you!
The acid dragon claws you but does no damage.
You block the wraith's attack. The two-headed ogre misses you.
The two-headed ogre hits you with a +0 giant club!!
You die...

#'# #.5..†..... #5#
#5######### #.# #.#
##.####.## .........
#####..l.....
#......#[.....
#####..W...#.......
......D@O..#.∩......
#####.....##.........
............
#############


You could see a two-headed ogre, a wraith, an acid dragon and an iguana.

Vanquished Creatures
  Eustachio (D:4)
  A water moccasin (D:4)
  An ogre (D:5)
  A phantom (D:4)
  A bullfrog (D:4)
  2 scorpions
  A hound (D:4)
  2 orc priests (D:4)
  An iguana (D:4)
  2 orc wizards
  4 adders
  An ufetubus (D:4)
  2 worms
  13 orcs
  5 endoplasms
  4 giant cockroaches
  8 hobgoblins
  5 quokkas
  10 ball pythons
  3 bats
  2 frilled lizards
  8 goblins
  6 kobolds
  6 rats
90 creatures vanquished.

Vanquished Creatures (collateral kills)
  A phantom (D:5)
  Terence (D:3)
  An endoplasm (D:2)
  A rat (D:3)
4 creatures vanquished.

Grand Total: 94 creatures vanquished

Notes
Turn   | Place    | Note
-------+----------+-------------------------------------------
     0 | D:1      | Artool the Demonspawn Fighter began the quest for the Orb.
     0 | D:1      | Reached XP level 1. HP: 18/18 MP: 1/1
   358 | D:1      | Gained mutation: A weak demonic guardian rushes to your
                  | aid. [demonic ancestry]
   358 | D:1      | Reached XP level 2. HP: 18/24 MP: 2/2
   613 | D:1      | Found a faded altar of an unknown god.
  1139 | D:1      | Gained mutation: A demonic guardian rushes to your aid.
                  | [demonic ancestry]
  1139 | D:1      | Reached XP level 3. HP: 26/29 MP: 3/3
  2213 | D:3      | Found a bloodstained altar of Trog.
  2216 | D:3      | Reached XP level 4. HP: 35/35 MP: 4/4
  2241 | D:3      | Found an opulent altar of Gozag.
  2276 | D:3      | Found a blossoming altar of Fedhas.
  2614 | D:3      | Found the +0 mask of the Dragon {Will+ Slay+3 SInv}
  2975 | D:3      | Noticed Terence
  2982 | D:3      | Killed Terence
  3474 | D:4      | Gained mutation: You have large cloven feet. [demonic
                  | ancestry]
  3474 | D:4      | Reached XP level 5. HP: 38/42 MP: 5/5
  3723 | D:4      | Reached skill level 4 in Fighting
  4096 | D:4      | Reached XP level 6. HP: 48/48 MP: 6/6
  4500 | D:4      | Found an ancient bone altar of Kikubaaqudgha.
  4534 | D:5      | Entered Level 5 of the Dungeon
  4551 | D:5      | Found Usaixt's Armour Shop.
  4666 | D:5      | Noticed Eustachio
  4721 | D:5      | Found Vonadamy's Magic Scroll Boutique.
  4722 | D:5      | Noticed a water moccasin
  4739 | D:4      | Killed a water moccasin
  4740 | D:4      | Gained mutation: You have hoof-like feet. [demonic
                  | ancestry]
  4740 | D:4      | Reached XP level 7. HP: 21/55 MP: 7/7
  4947 | D:4      | Killed Eustachio
  4948 | D:4      | Reached skill level 5 in Fighting
  4953 | D:5      | Noticed Grinder
  5022 | D:5      | Noticed a gargoyle
  5162 | D:5      | Noticed a two-headed ogre
  5379 | D:5      | Noticed a wraith
  5380 | D:5      | Slain by a two-headed ogre

Illustrated notes

Levels and vault maps discovered:
D:1:      sevenhm_arrival_forest_fort_large_4, layout_rooms,
          shapermc_ecumenical_altar_totnotflames, supply_closet_lemuel,
          chequers_serial_rivers_micro_d
D:2:      layout_loops_cross
D:3:      layout_loops_corners, fedhas_ov_isle_minmay,
          mainiacjoe_overflow_boulevard, general_overflow_altar,
          mainiacjoe_overflow_chevrons, uniq_terence
D:4:      layout_basic, kennysheep_little_box, nrook_mini_vaults,
          minmay_misc_feat_ornament
D:5:      layout_basic, minmay_temple_entry_offerings, serial_shops,
          nicolae_shop_bloodbath_and_beyond, shop, kennysheep_mini_moat,
          shop_statue, minmay_manual_mail, uniq_eustachio, uniq_grinder

Skill      XL: |  1  2  3  4  5  6  7 |
---------------+----------------------+-----
Maces & Flails | 2 3 4 |  4.5
Shields        | 3 4 |  4.9
Armour         | 3 4 |  4.9
Fighting       | 4 5 |  5.4

Action                   |  1- 3 |  4- 6 |  7- 9 || total
-------------------------+-------+-------+-------++-------
Melee: Flail             |    44 |       |       ||    44
       Whip              |    95 |    88 |       ||   183
       Hand axe          |       |    49 |    39 ||    88
       Kick              |       |    14 |    10 ||    24
Throw: Boomerang         |       |       |     5 ||     5
Armor: Scale mail        |    72 |    27 |       ||    99
       Ring mail         |       |    10 |    10 ||    20
Dodge: Dodged            |    50 |    60 |    24 ||   134
Block: Buckler           |    25 |    20 |    15 ||    60
